 Dungeon Sprint DCSS version 0.27-a0-637-g3a9f0a9c12 (webtiles) character file.

Game seed: 4411253907666986172

3766 mhtbhm the Protected (level 9, 0/139 HPs)
             Began as a Minotaur Fighter on Mar 14, 2021.
             Was the Champion of Trog.
             Hit by a silver javelin thrown by a merfolk javelineer (18 damage)
             ... in the Dungeon (Sprint VII: "The Pits").
             The game lasted 00:01:49 (1373 turns).

mhtbhm the Protected (Minotaur Fighter)             Turns: 1373, Time: 00:01:49

Health: 0/139      AC: 15    Str: 28    XL:     9   Next: 94%
Magic:  8/8        EV:  8    Int:  5    God:    Trog [******]
Gold:   0          SH: 14    Dex: 12    Spells: 8/8 levels left

rFire    . . .     SeeInvis .   a - +1 broad axe (vorpal)
rCold    . . .     Faith    .   c - +0 kite shield
rNeg     . . .     Spirit   .   b - +3 plate armour
rPois    .         Reflect  .   (helmet restricted)
rElec    .         Harm     .   (no cloak)
rCorr    .         Rampage  .   (no gloves)
Will     .....     NoTele   +   (no boots)
Stlth    ..........             (no amulet)
HPRegen  0.33/turn              n - +3 ring of dexterity
MPRegen  0.11/turn              o - +3 ring of strength

@: berserking, corroded, very quick
A: horns 2, retaliatory headbutt
a: Renounce Religion, Berserk, Trog's Hand, Brothers in Arms


You were in the Dungeon.
You worshipped Trog.
Trog was exalted by your worship.
You visited 1 branch

Inventory:

Hand Weapons
 a - a +1 vorpal broad axe (weapon)
Armour
 b - a +3 plate armour (worn)
 c - a +0 kite shield (worn)
Jewellery
 n - a +3 ring of dexterity (right hand)
 o - a +3 ring of strength (left hand)
Wands
 m - a wand of polymorph (8)
Scrolls
 j - a scroll of blinking
 l - a scroll of summoning
Potions
 d - a potion of might
 e - 8 potions of curing
 f - 12 potions of heal wounds
 g - a potion of haste
 h - 6 potions of magic
 i - 7 potions of berserk rage
 k - 2 potions of invisibility


   Skills:
 + Level 13.1 Fighting
 + Level 13.6 Axes
 + Level 14.2 Armour
 + Level 1.8 Dodging
 + Level 13.8 Shields
 + Level 2.7 Unarmed Combat


You had 8 spell levels left.
You didn't know any spells.
Your spell library was empty.

Dungeon Overview and Level Annotations

Branches:
Dungeon (1/1)

Altars:
Ashenzari
Cheibriados
Dithmenos
Elyvilon
Fedhas
Gozag
Hepliaklqana
Kikubaaqudgha
Makhleb
Nemelex Xobeh
Okawaru
Qazlal
Ru
Sif Muna
Trog
Uskayaw
Vehumet
Wu Jian
Xom
Yredelemnul
Zin
The Shining One
Beogh
Jiyva
Lugonu

Annotations:
D Ilsuiw, Prince Ribbit


Innate Abilities, Weirdness & Mutations

You have a pair of horns on your head.
You reflexively headbutt those who attack you in melee.


Message History

You feel yourself moving faster!
You feel mighty! You block the redback's attack.
The merfolk javelineer hits you but does no damage.
The merfolk javelineer throws a silver javelin.
The silver javelin pierces through you!
The merfolk siren hits you but does no damage.
Ilsuiw hits you but does no damage.
You slice the redback!!
You kill the redback!
Trog accepts your kill. Something appears at your feet!
You see here a +3 vorpal broad axe.
Trog grants you a weapon!
You barely miss the merfolk javelineer. You slash the merfolk siren!
The merfolk javelineer throws a silver javelin.
The silver javelin pierces through you.
The merfolk javelineer throws a silver javelin.
The silver javelin pierces through you!!
You block the merfolk siren's attack. Ilsuiw hits you but does no damage.
You see here a redback corpse.
Unknown command.
You barely miss Ilsuiw.
You closely miss the merfolk javelineer. x2
The merfolk javelineer throws a silver javelin.
The silver javelin pierces through you!
The merfolk javelineer throws a silver javelin.
The silver javelin pierces through you!
The merfolk siren hits you but does no damage.
Ilsuiw gestures wildly while chanting.
Ilsuiw blinks!
The acid dragon spits acid at you. The splash of acid hits you!
The acid corrodes you!
You are splashed with acid!
* * * LOW HITPOINT WARNING * * *
You block the merfolk siren's attack.
The merfolk javelineer throws a silver javelin.
The silver javelin pierces through you!!
* * * LOW HITPOINT WARNING * * *
x2 The merfolk javelineer throws a silver javelin.
The silver javelin pierces through you!!
You die...

#... #... #..# #..#
#..# ####### #..#
..##..# #Dm#
..##..# #@m#
..''..# #†m#
..''..##########).#
..##............m.#
..##............m.#
###################
## .+ .+


You could see Ilsuiw, 2 merfolk javelineers, 2 merfolk sirens and an acid dragon
(catching breath).

Vanquished Creatures
  A merfolk avatar (D)
  Erica (D)
  An unseen horror (D)
  A merfolk siren (D)
  A demonic crawler (D)
  A hornet (D)
  A redback (D)
  A fire bat (D)
  A floating eye (D)
  A water moccasin (D)
  2 orc warriors (D)
  A sky beast (D)
  A centaur (D)
  A phantom (D)
  An orc priest (D)
  A gnoll shaman (D)
  An iguana (D)
  2 orc wizards (D)
  6 gnolls (D)
  4 orcs (D)
  2 goblins (D)
  3 jackals (D)
  A kobold (D)
  A quokka (D)
  A frilled lizard (D)
38 creatures vanquished.

Notes
Turn   | Place    | Note
-------+----------+-------------------------------------------
     0 | D        | mhtbhm the Minotaur Fighter began the quest for the Orb.
     0 | D        | Reached XP level 1. HP: 19/19 MP: 0/0
    19 | D        | Found a bloodstained altar of Trog.
    19 | D        | Found a shimmering blue altar of Sif Muna.
    19 | D        | Found a viscous altar of Jiyva.
    19 | D        | Found a hazy altar of Hepliaklqana.
    19 | D        | Found an opulent altar of Gozag.
    20 | D        | Found a glowing golden altar of the Shining One.
    20 | D        | Found a glowing silver altar of Zin.
    20 | D        | Found a basalt altar of Yredelemnul.
    20 | D        | Found a shimmering altar of Xom.
    20 | D        | Found an ornate altar of the Wu Jian Council.
    20 | D        | Found a sacrificial altar of Ru.
    20 | D        | Found a stormy altar of Qazlal.
    20 | D        | Found an iron altar of Okawaru.
    20 | D        | Found a sparkling altar of Nemelex Xobeh.
    20 | D        | Found a burning altar of Makhleb.
    20 | D        | Found a blossoming altar of Fedhas.
    20 | D        | Found a white marble altar of Elyvilon.
    20 | D        | Found a shadowy altar of Dithmenos.
    20 | D        | Found a snail-covered altar of Cheibriados.
    22 | D        | Found a radiant altar of Vehumet.
    22 | D        | Found a corrupted altar of Lugonu.
    24 | D        | Became a worshipper of Trog the Wrathful
    60 | D        | Noticed a floating eye
    64 | D        | Killed a floating eye
    65 | D        | Reached skill level 6 in Armour
    65 | D        | Reached XP level 2. HP: 34/34 MP: 1/1
    65 | D        | Reached XP level 3. HP: 39/39 MP: 2/2
    65 | D        | Reached XP level 4. HP: 47/47 MP: 3/3
    73 | D        | Reached * piety under Trog
    80 | D        | Noticed a centaur
    87 | D        | Reached ** piety under Trog
    88 | D        | Reached skill level 7 in Armour
   102 | D        | Killed a centaur
   103 | D        | Reached skill level 5 in Axes
   103 | D        | Reached skill level 8 in Armour
   103 | D        | Reached XP level 5. HP: 10/53 MP: 4/4
   382 | D        | Noticed a phantom
   382 | D        | Noticed a fire bat
   382 | D        | Noticed a water moccasin
   385 | D        | Noticed Prince Ribbit
   387 | D        | Killed a fire bat
   388 | D        | Reached skill level 9 in Armour
   388 | D        | Reached XP level 6. HP: 63/63 MP: 5/5
   390 | D        | Reached *** piety under Trog
   391 | D        | Killed a water moccasin
   392 | D        | Reached skill level 10 in Armour
   399 | D        | Reached skill level 10 in Shields
   399 | D        | Reached **** piety under Trog
   400 | D        | Reached skill level 10 in Fighting
   400 | D        | Reached XP level 7. HP: 64/72 MP: 6/6
   538 | D        | Reached skill level 1 in Dodging
   806 | D        | Noticed Erica
   820 | D        | Killed Erica
   821 | D        | Reached skill level 12 in Armour
   821 | D        | Reached skill level 1 in Unarmed Combat
   821 | D        | Reached XP level 8. HP: 40/82 MP: 7/7
  1086 | D        | Reached ***** piety under Trog
  1099 | D        | Noticed a hornet
  1101 | D        | Received a gift from Trog
  1108 | D        | Killed a hornet
  1109 | D        | Reached skill level 10 in Axes
  1118 | D        | Received a gift from Trog
  1222 | D        | Found a hide-covered altar of Uskayaw.
  1222 | D        | Found an ancient bone altar of Kikubaaqudgha.
  1222 | D        | Found a broken altar of Ashenzari.
  1245 | D        | Noticed a merfolk siren
  1245 | D        | Noticed a demonic crawler
  1251 | D        | Killed a merfolk siren
  1252 | D        | Reached skill level 13 in Armour
  1252 | D        | Reached XP level 9. HP: 70/90 MP: 8/8
  1253 | D        | Killed a demonic crawler
  1345 | D        | Noticed a merfolk avatar
  1361 | D        | Killed an unseen horror
  1362 | D        | Killed a merfolk avatar
  1362 | D        | Reached ****** piety under Trog
  1363 | D        | Reached skill level 14 in Armour
  1366 | D        | Noticed a merfolk siren
  1366 | D        | Noticed a merfolk javelineer
  1367 | D        | Noticed Ilsuiw
  1367 | D        | Noticed a merfolk javelineer
  1367 | D        | Noticed a merfolk siren
  1370 | D        | Received a gift from Trog
  1373 | D        | Hit by a silver javelin thrown by a merfolk javelineer

Illustrated notes

Levels and vault maps discovered:
D:        pitsprint [storerooms_1, entrance_room_1, metal_vault_4, armoury_1,
          mini_pit_1, grid_room_1, main_hall_1, silver_pit, the_coven_2,
          the_vestibule_1, steel_vault_3, golden_pit, hallway_of_sentries,
          crystal_vault_2, iron_vault_4, final_vault]

Skill      XL: |  1  2  3  4  5  6  7  8  9 |
---------------+----------------------------+-----
Fighting       | 7 8 9 10 11 12 13 | 13.1
Axes           | 4 5 6 7 9 11 13 | 13.6
Armour         | 6 8 9 10 12 13 14 | 14.2
Shields        | 6 8 9 10 12 13 | 13.8
Dodging        | 1 |  1.8
Unarmed Combat | 1 2 |  2.7

Action                   |  1- 3 |  4- 6 |  7- 9 || total
-------------------------+-------+-------+-------++-------
Melee: Hand axe          |     2 |    35 |    64 ||   101
       Headbutt          |     1 |     5 |    11 ||    17
       War axe           |     1 |       |       ||     1
       Unarmed           |       |       |     4 ||     4
       Broad axe         |       |       |    19 ||    19
Invok: Berserk           |       |     1 |     3 ||     4
Armor: Scale mail        |     2 |     3 |       ||     5
       Plate armour      |       |     7 |    46 ||    53
Dodge: Dodged            |       |    13 |     9 ||    22
Block: Kite shield       |     1 |    22 |    42 ||    65

Table legend: (Time is in decaauts)
 A = Elapsed time spent in this place.
 B = Non-inter-level travel time spent in this place.
 C = Inter-level travel time spent in this place.
 D = Time resting spent in this place.
 E = Time spent auto-exploring this place.
 F = Levels seen in this place.
 G = Mean time per level.
                   A        B        C        D        E       F      G
               +--------+--------+--------+--------+--------+-----+--------+
         Total |   1404 |   1404 |      0 |    704 |    315 |   1 | 1404.0 |
       Dungeon |   1404 |   1404 |      0 |    704 |    315 |   1 | 1404.0 |
               +--------+--------+--------+--------+--------+-----+--------+

Top non-repeatable levels by time:
       D: 1404 daAuts
